 Dungeon Crawl Stone Soup version 0.23.2 (webtiles) character file.

Game seed: 6165999396704126628

5737 Chiseanne the Fighter (level 10, -2/81 HPs)
             Began as a Demonspawn Wanderer on Apr 8, 2019.
             Was an Initiate of Gozag.
             Slain by an anaconda (12 damage)
             ... on level 8 of the Dungeon.
             The game lasted 00:27:58 (10530 turns).

Chiseanne the Fighter (Demonspawn Wanderer)        Turns: 10530, Time: 00:27:59

Health: -2/81      AC: 16    Str: 16    XL:     10   Next: 49%
Magic:  0/16       EV: 10    Int: 16    God:    Gozag
Gold:   97         SH: 17    Dex: 13    Spells: 15/19 levels left

rFire    + . .     SeeInvis .   s - +3 whip (elec)
rCold    . . .     Gourm    .   z - +2 shield {reflect}
rNeg     . . .     Faith    .   F - +3 leather armour {rPois}
rPois    +         Spirit   +   (no helmet)
rElec    .         Reflect  +   k - +2 cloak
rCorr    .         Harm     .   J - +0 pair of gloves {Str+3}
MR       +....                  H - +2 pair of boots {Fly}
Stlth    +.........             (no amulet)
HPRegen  0.23/turn              D - +2 ring of protection
MPRegen  0.15/turn              C - ring of protection from magic

@: flying, constricted
A: claws 1, large bone plates 3, fire resistance 1, low mp 1, magic shield,
flame cloud immunity, MP-powered wands
a: Potion Petition, Call Merchant, Bribe Branch, Renounce Religion, Stop Flying


You were on level 8 of the Dungeon.
You worshipped Gozag.
Gozag was noncommittal.
You were not hungry.

You visited 2 branches of the dungeon, and saw 10 of its levels.

You collected 1953 gold pieces.
You spent 1105 gold pieces at shops.
You paid 751 gold pieces to Gozag.

Inventory:

Hand Weapons
 a - a +5 falchion
 r - a +0 blowgun
 s - a +3 whip of electrocution (weapon)
 E - a +2 flail of protection
Missiles
 c - 69 poisoned needles
 e - 399 stones (quivered)
 m - 15 tomahawks
 n - 6 javelins
 p - 152 arrows
 q - 89 bolts
Armour
 k - a +2 cloak (worn)
 z - a +2 shield of reflection (worn)
 F - a +3 leather armour of poison resistance (worn)
 H - a +2 pair of boots of flying (worn)
 J - a +0 pair of gloves of strength (worn)
Jewellery
 f - a +3 ring of evasion
 g - an uncursed ring of wizardry
 i - an uncursed ring of resist corrosion
 o - an uncursed amulet of faith
 C - a ring of protection from magic (right hand)
 D - a +2 ring of protection (left hand)
 K - an uncursed ring of protection from fire {unknown}
Wands
 v - a wand of flame (54)
Scrolls
 j - 6 scrolls of identify
 l - 3 scrolls of remove curse
 y - 3 scrolls of amnesia
Potions
 t - a potion of flight
 A - 2 potions of mutation
 B - a potion of ambrosia
 G - 2 potions of magic
Comestibles
 d - 15 rations


   Skills:
 * Level 8.3 Fighting
 - Level 2.6 Long Blades
 - Level 1.0 Throwing
 - Level 6.0 Armour
 * Level 7.6 Dodging
 * Level 0.8 Shields
 - Level 5.2 Spellcasting
 - Level 4.1 Hexes
 - Level 3.5 Translocations
   Level 1.0 Fire Magic
 - Level 1.0 Evocations


You had 15 spell levels left.
You knew the following spells:

 Your Spells              Type           Power        Failure   Level  Hunger
a - Apportation           Tloc           ###...       26%         1    None
b - Confuse               Hex            ###.....     52%         3    ###....

Your spell library contained the following spells:

 Spells                   Type           Power        Failure   Level  Hunger
 Confusing Touch          Hex            ###...       21%         1    None
 Gell's Gravitas          Tloc           ###.......   61%         3    ###....
 Animate Skeleton         Necr           N/A          75%         1    None
 Summon Small Mammal      Summ           #...         75%         1    None
 Petrify                  Tmut/Erth      #.......     100%        4    ####...
 Metabolic Englaciation   Hex/Ice        ##........   100%        5    ######.
 Yara's Violent Unravell  Hex/Tmut       ##........   100%        5    ######.


Dungeon Overview and Level Annotations

Branches:
Dungeon (9/15)             Temple (1/1) D:5            Lair (0/6) D:9
    Orc: D:9-12

Altars:
Ashenzari
Cheibriados
Dithmenos
Elyvilon
Fedhas
Gozag
Hepliaklqana
Kikubaaqudgha
Makhleb
Nemelex Xobeh
Okawaru
Qazlal
Ru
Sif Muna
Trog
Uskayaw
Vehumet
Wu Jian
Xom
Yredelemnul
Zin
The Shining One

Shops:
D:6 :   D:7 [   D:9 [

Annotations:
D:3 1 runed translucent door, Peloso's ghost, amateur MiFi
D:6 3 runed translucent doors, KOK29364's ghost, novice DrFE


Innate Abilities, Weirdness & Mutations

You have sharp fingernails.
You are completely covered in large bone plates. (SH +8)
Your flesh is heat resistant. (rF+)
When hurt, damage is shared between your health and your magic reserves.
You are immune to clouds of flame.
Your magical capacity is low. (-10% MP)
You expend magic power (3 MP) to strengthen your wands.


Message History

The anaconda constricts you. You block the anaconda's attack.
* * * LOW HITPOINT WARNING * * *
The anaconda constricts you.
The anaconda's grasp on you weakens, but your attempt to escape fails.
The anaconda bites you but does no damage.
The anaconda constricts you.
The anaconda bites you but does no damage.
* * * LOW HITPOINT WARNING * * *
The anaconda constricts you.
You escape the anaconda's grasp.
You barely miss the anaconda.
The anaconda is moderately wounded.
The anaconda grabs you. You block the anaconda's attack.
The anaconda constricts you. The anaconda closely misses you.
The anaconda constricts you.
You miss the anaconda.
The anaconda is lightly wounded.
The anaconda bites you!
You die...
Your body crumbles into a pile of gold.

#......# #..##..........##..
#......# ###....####..####..
#......# #....####..###...
###....# ###......####....
#....############......####.###
#..............##########...###
#...........#.## ########..[...
#...........#S####.............
#....######.#?@.##>#...#.##....
###########.###.##.##..#^##....
#.........#................
#.........#####.#..........
#...............#..........
#........########..........
#........########..........
#........##.............###
#........##.............# #


You could see an anaconda.

Vanquished Creatures
  Pikel (D:6)
  Grinder (D:6)
  2 hippogriffs (D:8)
  3 yaks (D:8)
  3 wargs (D:8)
  Menkaure (D:7)
  An acid dragon (D:7)
  A water moccasin (D:8)
  A black bear (D:8)
  3 sky beasts
  3 ice beasts
  3 ogres
  A crocodile (D:8)
  2 centaurs
  2 big kobolds
  8 bullfrogs
  A wyvern zombie (D:9)
  4 killer bees
  A howler monkey (D:5)
  8 wights
  5 crimson imps
  A bullfrog zombie (D:6)
  4 jellies
  3 orc priests (D:8)
  A bullfrog skeleton (D:7)
  3 hounds
  2 iguanas
  8 orc wizards
  6 worker ants
  A hound skeleton (D:5)
  3 worker ant zombies
  16 adders
  2 gnolls
  A shadow imp (D:8)
  An ooze (D:1)
  4 worms
  2 leopard geckos
  31 orcs
  3 ball pythons
  8 bats
  5 giant cockroaches
  6 goblins
  5 hobgoblins
  13 jackals (D:3)
  18 kobolds
  4 quokkas
  5 frilled lizards
  A leopard gecko skeleton (D:8)
  A quokka skeleton (D:5)
  A quokka zombie (D:5)
  8 rats
222 creatures vanquished.

Vanquished Creatures (others)
  A centaur (D:9)
  A hound (D:6)
2 creatures vanquished.

Grand Total: 224 creatures vanquished

Notes
Turn   | Place    | Note
-------+----------+-------------------------------------------
     0 | D:1      | Chiseanne the Demonspawn Wanderer began the quest for the
                  | Orb.
     0 | D:1      | Chiseanne set off with the following items: a +2 falchion,
                  | 2 scrolls of teleportation, a +0 robe, a ration
     0 | D:1      | Reached XP level 1. HP: 15/15 MP: 3/3
   386 | D:1      | Gained mutation: You are partially covered in large bone
                  | plates. (SH +4) [demonic ancestry]
   386 | D:1      | Reached XP level 2. HP: 21/21 MP: 5/5
   576 | D:1      | Found a shimmering altar of Xom.
   884 | D:2      | Reached skill level 2 in Fighting
   916 | D:2      | Gained mutation: You are mostly covered in large bone
                  | plates. (SH +6) [demonic ancestry]
   916 | D:2      | Reached XP level 3. HP: 27/27 MP: 6/6
   921 | D:2      | Reached skill level 1 in Armour
  1088 | D:2      | Gained mutation: Your flesh is heat resistant. (rF+)
                  | [demonic ancestry]
  1088 | D:2      | Reached XP level 4. HP: 26/34 MP: 7/7
  1873 | D:3      | Reached skill level 3 in Fighting
  1873 | D:3      | Gained mutation: You are immune to clouds of flame.
                  | [demonic ancestry]
  1873 | D:3      | Reached XP level 5. HP: 24/41 MP: 8/8
  2347 | D:3      | Found a runed translucent door.
  2348 | D:3      | Noticed Peloso's ghost (amateur MiFi)
  3232 | D:5      | Entered Level 5 of the Dungeon
  3370 | D:5      | Gained mutation: You are completely covered in large bone
                  | plates. (SH +8) [demonic ancestry]
  3370 | D:5      | Reached XP level 6. HP: 44/47 MP: 9/9
  3594 | D:5      | Found a staircase to the Ecumenical Temple.
  3632 | Temple   | Entered the Ecumenical Temple
  3716 | Temple   | Became a worshipper of Gozag Ym Sagoz the Greedy
  3780 | D:5      | Found a stormy altar of Qazlal.
  3925 | D:5      | Reached skill level 4 in Fighting
  4113 | D:6      | Found a runed translucent gate.
  4113 | D:6      | Found a runed translucent gate.
  4133 | D:6      | Gained mutation: When hurt, damage is shared between your
                  | health and your magic reserves. [demonic ancestry]
  4133 | D:6      | Reached XP level 7. HP: 54/54 MP: 10/10
  4284 | D:6      | Noticed Blork the orc
  4295 | D:6      | Noticed Blork
  4295 | D:6      | Blork the orc changed into Blork the gnoll
  4310 | D:6      | Killed Blork the gnoll
  4435 | D:6      | Noticed Pikel
  4444 | D:6      | Gained mutation: Your magical capacity is low. (-10% MP)
                  | [potion of mutation]
  4444 | D:6      | Gained mutation: You expend magic power (3 MP) to
                  | strengthen your wands. [potion of mutation]
  4461 | D:6      | Killed Pikel
  4461 | D:6      | Reached skill level 5 in Fighting
  4461 | D:6      | Reached skill level 5 in Dodging
  4461 | D:6      | Reached XP level 8. HP: 28/64 MP: 5/9
  4690 | D:6      | Reached skill level 5 in Armour
  4802 | D:6      | Noticed KOK29364's ghost (novice DrFE)
  4838 | D:6      | Found a runed translucent gate.
  4883 | D:6      | Noticed Grinder
  4883 | D:6      | Paralysed by Grinder for 5 turns
  4891 | D:6      | Paralysed by Grinder for 7 turns
  4934 | D:6      | Killed Grinder
  4934 | D:6      | Reached skill level 6 in Fighting
  5145 | D:6      | Found Behoy's Book Shoppe.
  5218 | D:7      | Noticed Menkaure
  5233 | D:7      | Killed Menkaure
  5427 | D:7      | Gained mutation: You have sharp fingernails. [demonic
                  | ancestry]
  5427 | D:7      | Reached XP level 9. HP: 56/71 MP: 12/12
  5514 | D:7      | Found Lausann's Armour Shop.
  5520 | D:7      | Bought a +3 leather armour of poison resistance for 273
                  | gold pieces
  5534 | D:7      | Learned a level 1 spell: Apportation
  5538 | D:7      | Learned a level 3 spell: Confuse
  5539 | D:7      | Bought a +2 cloak for 214 gold pieces
  5798 | D:7      | Reached skill level 7 in Fighting
  5829 | D:7      | Reached skill level 1 in Hexes
  5955 | D:7      | Reached skill level 1 in Translocations
  6839 | D:8      | Found a deep blue altar of Sif Muna.
  6853 | D:8      | Reached XP level 10. HP: 55/80 MP: 9/15
  7044 | D:8      | Noticed a manticore
  7069 | D:8      | a manticore changed into a hippogriff
  7379 | D:8      | Noticed a white ugly thing
  7930 | D:8      | Reached skill level 8 in Fighting
  8187 | D:8      | Reached skill level 5 in Spellcasting
  8447 | D:9      | Found a staircase to the Lair.
  8481 | D:8      | HP: 1/80 [warg (11)]
  9086 | D:9      | Identified a scroll of acquirement
  9354 | D:9      | Bought a +2 shield of reflection for 222 gold pieces
  9361 | D:9      | Bought a +2 pair of boots of flying for 258 gold pieces
  9366 | D:9      | Bought a +0 pair of gloves of strength for 138 gold pieces
  9640 | D:9      | Noticed a two-headed ogre
  9641 | D:9      | Noticed an anaconda
  9641 | D:9      | a two-headed ogre changed into an anaconda
 10009 | D:9      | HP: 3/81 [anaconda (5)]
 10530 | D:8      | Slain by an anaconda

Skill      XL: |  1  2  3  4  5  6  7  8  9 10 |
---------------+-------------------------------+-----
Fighting       | 2 3 4 5 6 7 8 |  8.3
Armour         | 1 2 3 4 5 6 |  6.0
Dodging        | 2 3 5 6 7 |  7.6
Spellcasting   | 4 5 |  5.2
Hexes          | 3 4 |  4.1
Translocations | 2 3 |  3.5
Long Blades    | |  2.6
Throwing       | |  1.0
Shields        | |  0.8
Fire Magic     | |  1.0
Evocations     | |  1.0

Action                   |  1- 3 |  4- 6 |  7- 9 | 10-12 || total
-------------------------+-------+-------+-------+-------++-------
Melee: Falchion          |   103 |   247 |   395 |   249 ||   994
       Whip              |       |       |     5 |    35 ||    40
 Fire: Blowgun           |       |       |       |     2 ||     2
Invok: Potion Petition   |       |       |       |     1 ||     1
       Call Merchant     |       |       |       |     1 ||     1
Evoke: Wand              |       |       |     8 |    14 ||    22
  Use: Scroll            |     7 |     5 |     8 |    10 ||    30
       Potion            |     2 |       |     2 |     7 ||    11
 Stab: Sleeping          |     1 |       |       |       ||     1
       Distracted        |       |       |     1 |     1 ||     2
       Invisible         |       |       |       |     1 ||     1
  Eat: Chunk             |     1 |     5 |       |       ||     6
       Ration            |       |     3 |     2 |     4 ||     9
Armor: Robe              |     2 |       |       |       ||     2
       Scale mail        |    52 |    64 |    58 |       ||   174
       Leather armour    |       |       |    34 |   104 ||   138
Dodge: Dodged            |    58 |   150 |   272 |   326 ||   806
Block: Other             |    20 |    86 |   190 |   149 ||   445
       Shield            |       |       |       |   111 ||   111
       Reflection        |       |       |       |     2 ||     2
       Rpst.: Falchion   |    16 |    50 |    86 |    85 ||   237
